 Dungeon Crawl Stone Soup version 0.23-a0-636-g0ff6057 (webtiles) character file.

63 Leeroy the Slasher (level 3, -25/29 HPs)
             Began as a Draconian Skald on Dec 28, 2018.
             Annihilated by an ogre
             ... wielding a +0 giant club
              (26 damage)
             ... on level 2 of the Dungeon.
             The game lasted 00:02:55 (1340 turns).

Leeroy the Slasher (Draconian Skald)                Turns: 1340, Time: 00:02:55

Health: -25/29     AC:  5    Str: 13    XL:     3   Next: 89%
Magic:  3/6        EV: 12    Int: 14    God:
Gold:   44         SH:  0    Dex: 10    Spells: 2/6 levels left

rFire    . . .     SeeInvis .   a - +0 falchion
rCold    . . .     Gourm    .   (no shield)
rNeg     . . .     Faith    .   (armour unavailable)
rPois    .         Spirit   .   (helmet restricted)
rElec    .         Reflect  .   (no cloak)
rCorr    .         Harm     .   (no gloves)
MR       .....                  (no boots)
Stlth    +.........             (no amulet)
HPRegen  0.09/turn              (no ring)
MPRegen  0.10/turn              (no ring)

@: no status effects
A: unfitting armour, cold-blooded, AC +5
a: no special abilities


You were on level 2 of the Dungeon.
You were not hungry.

You visited 1 branch of the dungeon, and saw 2 of its levels.

You collected 44 gold pieces.

Inventory:

Hand Weapons
 a - a +0 falchion (weapon)
 h - a +0 dagger
 j - a +0 spear
 k - a +0 hand axe
 n - a +0 short sword
Missiles
 b - 2 needles of frenzy
 e - 6 needles of confusion
 g - 48 stones (quivered)
 l - 21 bolts
 o - 12 sling bullets
Scrolls
 d - 2 scrolls of teleportation {unknown}
 f - a scroll of identify {unknown}
 p - a scroll of immolation {unknown}
 r - a scroll of random uselessness {unknown}
Potions
 i - a potion of invisibility {unknown}
 q - a potion of degeneration {unknown}
Comestibles
 c - 3 rations
 m - a chunk of flesh


   Skills:
 - Level 2.1 Fighting
 * Level 3.5 Long Blades
 + Level 2.8 Dodging
 - Level 2.0 Spellcasting
 * Level 0.4 Hexes
 - Level 2.6 Charms


You had 2 spell levels left.
You knew the following spells:

 Your Spells              Type           Power        Failure   Level  Hunger
a - Infusion              Chrm           #...         8%          1    ##.....
b - Spectral Weapon       Hex/Chrm       #.......     36%         3    ####...

Your spell library contained the following spells:

 Spells                   Type           Power        Failure   Level  Hunger
 Song of Slaying          Chrm           #.......     12%         2    ###....
 Shroud of Golubria       Chrm/Tloc      #.........   21%         2    ###....
 Regeneration             Chrm/Necr      #.........   38%         3    ####...


Dungeon Overview and Level Annotations

Branches:
Dungeon (2/15)

Altars:
Kikubaaqudgha


Innate Abilities, Weirdness & Mutations

Your plain brown scales are hard. (AC +5)
You cannot fit into any form of body armour.
You are cold-blooded and may be slowed by cold attacks.


Message History

You throw a stone. The stone closely misses the ogre.
You hit the ogre but do no damage.
Your spectral weapon hits the ogre!
The ogre hits you with a +0 giant club!!
Ouch! That really hurt!
* * * LOW HITPOINT WARNING * * *
You hit the ogre.
The ogre is heavily wounded.
Your spectral weapon hits the ogre!
The ogre hits your spectral weapon with a +0 giant club!
Your spectral weapon shares its damage with you!
Your spectral weapon fades away.
Unknown command.
You barely miss the ogre.
The ogre is severely wounded.
The ogre barely misses you.
You hit the ogre.
The ogre is almost dead.
The ogre hits you with a +0 giant club!!
Ouch! That really hurt!
You die...

.≈...≈.....##.##.##...
..≈≈≈≈≈..#.##.##(#
#...≈≈≈≈...##.##.#
#..≈≈≈≈.....#.##.#
...≈≈≈≈≈.##.#.##.#
.⌠............##.#
...÷...####...##.#
#.##....<..#..##O####.#
#. #.#.#.#.#.>..@.....#
#. #.#.#.#.#.###.######
#. ....# ..#.# #.#
###### ###.# #.# ..#
#.. ## ###


You could see an ogre.

Vanquished Creatures
  2 adders (D:2)
  A dart slug (D:1)
  A leopard gecko (D:1)
  3 bats
  2 giant cockroaches (D:1)
  3 goblins
  5 hobgoblins (D:1)
  6 jackals (D:1)
  4 frilled lizards (D:1)
  5 kobolds (D:1)
  9 rats (D:1)
41 creatures vanquished.

Vanquished Creatures (others)
  A spectral weapon (D:2)
1 creature vanquished.

Grand Total: 42 creatures vanquished

Notes
Turn   | Place    | Note
-------+----------+-------------------------------------------
     0 | D:1      | Leeroy the Draconian Skald began the quest for the Orb.
     0 | D:1      | Reached XP level 1. HP: 17/17 MP: 3/3
    66 | D:1      | Reached XP level 2. HP: 17/24 MP: 5/5
   584 | D:1      | Reached skill level 3 in Long Blades
   588 | D:1      | Reached XP level 3. HP: 10/29 MP: 0/6
   606 | D:1      | Learned a level 3 spell: Spectral Weapon
  1300 | D:2      | Found an ancient bone altar of Kikubaaqudgha.
  1332 | D:2      | Noticed an ogre
  1337 | D:2      | HP: 1/29 [ogre/+0 giant club (28)]
  1340 | D:2      | Annihilated by an ogre

Vault maps used:
D:1:      tarquinn_simple_flora_water_b, nrook_uturn, minmay_misc_feat_tiny,
          minmay_curled_crystal, minmay_three_crescents
D:2:      kiku_gazebo_pond_becter, uniq_robin

Skill      XL: |  1  2 |
---------------+-------+-----
Long Blades    | 3 |  3.5
Fighting       | |  2.1
Dodging        | |  2.8
Spellcasting   | |  2.0
Hexes          | |  0.4
Charms         | |  2.6

Action                   || total
-------------------------++-------
Melee: Falchion          ||   109
       Tailslap          ||    16
Throw: Stone             ||     2
 Cast: Infusion          ||     1
       Spectral Weapon   ||     2
  Eat: Chunk             ||     2
Armor: Skin              ||    34
Dodge: Dodged            ||    95
       Rpst.: Falchion   ||    25

Table legend:
 A = Non-vault XP
 B = Vault XP
 C = Vault XP percentage of total XP
 D = Non-vault monster count
 E = Vault monster count
 F = Vault count percentage of total count
                 A         B        C        D         E       F
            +---------+---------+-------+---------+---------+-------
      Total |      83 |       8 |   8.8 |      35 |       6 |  14.6
            +---------+---------+-------+---------+---------+-------
        D:1 |      52 |       8 |  13.3 |      31 |       6 |  16.2
        D:2 |      31 |       0 |   0.0 |       4 |       0 |   0.0
            +---------+---------+-------+---------+---------+-------
